 Dungeon Crawl Stone Soup version 0.17.1-2-g5865329 (webtiles) character file.

793 Clownie the Sneak (level 7, -4/45 HPs)
             Began as an Octopode Assassin on Jan 15, 2016.
             Was an Initiate of Ashenzari.
             Killed from afar by an orc wizard (7 damage)
             ... with a magic dart
             ... on level 5 of the Dungeon.
             The game lasted 00:05:45 (4312 turns).

Clownie the Sneak (Octopode Assassin)               Turns: 4312, Time: 00:05:45

Health: -4/45      AC:  1    Str: 10    XL:     7   Next: 88%
Magic:  7/7        EV: 14    Int: 13    God:    Ashenzari [......]
Gold:   240        SH:  7    Dex: 16    Spells: 0 memorised, 6 levels left

rFire  + . .     SeeInvis .     a - +2 dagger
rCold  . . .     Clarity  .     o - +2 buckler
rNeg   . . .     SustAt   .     (helmet restricted)
rPois  .         Gourm    .     (no amulet)
rElec  .         Spirit   .     p - ring of stealth (curse)
rCorr  .         Warding  .     u - ring of protection from fire
rMut   .         Stasis   .     (no ring)
MR     .....                    (no ring)
Stlth  ++++++....               (no ring)
                                (no ring)
                                (no ring)
                                (no ring)

@: not resistant to hostile enchantments, very stealthy
A: almost no armour, amphibious, 8 rings, constrict 8, camouflage 1, gelatinous
body 1
a: Renounce Religion


You were on level 5 of the Dungeon.
You worshipped Ashenzari.
Ashenzari was noncommittal.
You were hungry.

You visited 1 branch of the dungeon, and saw 5 of its levels.

You collected 240 gold pieces.

Inventory:

Hand Weapons
 a - a +2 dagger (weapon)
 b - a +0 blowgun
Missiles
 c - 19 poisoned needles
 d - a curare-tipped needle
Armour
 o - a +2 buckler (worn)
Jewellery
 f - an uncursed amulet of resist mutation
 p - a cursed ring of stealth (left tentacle)
 s - an uncursed amulet of stasis
 u - a ring of protection from fire (right tentacle)
Scrolls
 g - 3 scrolls of teleportation
 i - 3 scrolls of amnesia {unknown}
 l - a scroll of immolation {unknown}
 r - a scroll of blinking {unknown}
 t - 10 scrolls of identify {unknown}
 w - a scroll of noise {unknown}
 x - 2 scrolls of curse jewellery
 y - a scroll of enchant weapon {unknown}
Potions
 h - a potion of curing
 j - a potion of mutation {unknown}
 k - 2 potions of agility {unknown}
 m - a potion of cure mutation
 q - 2 potions of brilliance {unknown}
 v - a potion of might {unknown}
Comestibles
 e - a bread ration
 n - a meat ration
 z - 5 chunks of flesh


   Skills:
 - Level 2.0 Fighting
 + Level 4.4 Short Blades
 - Level 2.0 Throwing
 + Level 4.5 Dodging
 - Level 6.0 Stealth
 + Level 5.4 Shields


You had 6 spell levels left.
You didn't know any spells.

Dungeon Overview and Level Annotations

Branches:
Dungeon (5/15)
 Temple: D:4-7

Altars:
Ashenzari
Cheibriados
Dithmenos
Gozag
Kikubaaqudgha
Ru
Sif Muna
Trog
The Shining One

Annotations:
D:5 Pikel


Innate Abilities, Weirdness & Mutations

You cannot wear most types of armour.
You are amphibious.
You can wear up to eight rings at the same time.
You can use your tentacles to constrict eight enemies at once.
Your skin changes colour to match your surroundings (Stealth).
Your rubbery body absorbs attacks (AC +1).


Message History

Found a meat ration.
An orc wizard comes into view. It is wielding a dagger.
Found 21 stones.
You see here a meat ration.
An orc comes into view. It is wielding a hand axe.
An orc wizard comes into view. It is wielding a dagger.
An orc comes into view. It is wielding a mace.
Found 14 gold pieces.
The orc wizard shouts! x2
The orc shouts!
You hear a shout!
The orc wizard casts a spell.
The orc wizard blinks!
The orc wizard casts a spell.
The orc wizard seems to speed up.
The orc wizard points at you and mumbles some strange words.
The magic dart hits you!
* * * LOW HITPOINT WARNING * * *
The orc wizard casts a spell at you. The magic dart hits you!
You die...

........ ..o
####..#.#####'######
.$......o..%o.......
###..#.#...........
# #o#.......####
#.#.......#
#.#..........
#.#......####
#@#......+
#.#......#
#.#......# #.# #.#
#.# #.# #.#


You could see an orc wizard and an orc.

Vanquished Creatures
  A slave (D:5)
  A sky beast (D:3)
  A centaur (D:5)
  A phantom (D:4)
  An ogre (D:5)
  3 orc priests
  2 iguanas
  2 centaur skeletons
  An orc wizard (D:5)
  2 worker ants (D:4)
  A hound skeleton (D:4)
  4 gnolls
  4 adders
  2 oozes
  An adder skeleton (D:5)
  2 worms
  5 giant geckos
  11 orcs
  13 bats
  3 giant cockroaches (D:2)
  2 goblins
  9 hobgoblins
  6 jackals
  10 kobolds
  5 quokkas
  3 ball pythons
  5 giant newts
  A quokka skeleton (D:5)
  9 rats
111 creatures vanquished.

Notes
Turn   | Place    | Note
--------------------------------------------------------------
     0 | D:1      | Clownie the Octopode Assassin began the quest for the Orb.
     0 | D:1      | Reached XP level 1. HP: 14/14 MP: 1/1
    76 | D:1      | Reached XP level 2. HP: 16/19 MP: 2/2
   277 | D:1      | Found a shattered altar of Ashenzari.
   290 | D:1      | Became a worshipper of Ashenzari the Shackled
   492 | D:1      | Reached XP level 3. HP: 24/24 MP: 3/3
  1106 | D:2      | Reached XP level 4. HP: 25/29 MP: 4/4
  1647 | D:3      | Reached skill level 6 in Stealth
  1889 | D:2      | Reached skill level 1 in Shields
  2005 | D:2      | Reached XP level 5. HP: 15/34 MP: 5/5
  2396 | D:3      | Noticed a sky beast
  2414 | D:3      | Killed a sky beast
  2414 | D:3      | Reached XP level 6. HP: 16/39 MP: 6/6
  2426 | D:3      | Gained mutation: You are partially covered in iridescent scales (AC +4). [mutagenic meat]
  2427 | D:3      | Lost mutation: You are partially covered in iridescent scales (AC +4). [mutagenic meat]
  2647 | D:3      | Found a snail-covered altar of Cheibriados.
  3135 | D:3      | Found an ancient bone altar of Kikubaaqudgha.
  3446 | D:4      | Reached XP level 7. HP: 45/45 MP: 7/7
  3520 | D:4      | Found a bloodstained altar of Trog.
  3523 | D:4      | Found an opulent altar of Gozag.
  3537 | D:4      | Found a glowing golden altar of the Shining One.
  3540 | D:4      | Found a deep blue altar of Sif Muna.
  3685 | D:4      | Found a shadowy altar of Dithmenos.
  3697 | D:4      | Found a sacrificial altar of Ru.
  3954 | D:5      | Entered Level 5 of the Dungeon
  4171 | D:5      | Reached skill level 5 in Shields
  4288 | D:5      | Noticed Pikel
  4312 | D:5      | Killed from afar by an orc wizard

Action                   |  1- 3 |  4- 6 |  7- 9 || total
-------------------------+-------+-------+-------++-------
Melee: Dagger            |    83 |    89 |    49 ||   221
 Fire: Blowgun           |       |     7 |       ||     7
  Use: Scroll            |     1 |     1 |     2 ||     4
       Potion            |       |     3 |       ||     3
 Stab: Sleeping          |    16 |    15 |    12 ||    43
       Distracted        |     1 |     1 |       ||     2
  Eat: Chunk             |     1 |     9 |     2 ||    12
